[Event "10th Norway Chess 2022"]
[White "Carlsen,Magnus"]
[Black "Giri,Anish"]
[Site "Stavanger"]
[Round "4.1"]
[Annotator "TA"]
[Result "1-0"]
[Date "2022.06.03"]
[WhiteElo "2864"]
[BlackElo "2761"]
[PlyCount "67"]
[TimeControl "60"]

1. d4 Nf6 2. c4 e6 3. Nf3 d5 4. Nc3 c5 5. cxd5 cxd4 6. Qxd4 exd5 7. Bg5 Be7 8. e3 O-O {[%emt 0:1:29] D50: Queen's Gambit Declined: Dutch-Peruvian Gambit.} 9. Be2 Nc6 10. Qd3 h6 {[%emt 0:0:12]
 The position is equal.} 11. Bh4 Be6 12. O-O Qb6 13. Bxf6 (13. a3 {feels hotter.} d4 14. exd4 g5 15. Bg3 )Bxf6 14. Nxd5 Bxd5 ({Much less strong is} 14... Qxb2 15. Rfb1 (15. Rab1 Qxa2 16. Nxf6+ gxf6 $14 )Qxa1 16. Rxa1 Bxa1 17. Nc7 $16 )15. Qxd5 Qxb2 (15... Rfd8 {seems wilder.
} 16. Qf5 Qxb2 17. Bc4 Rac8 )16. Bc4 {[%emt 0:0:54] [#]} Qxa1 $146 (16... Qa3 $11 {keeps the balance.} )({Predecessor:} 16... Rad8 17. Qf5 Qxa1 18. Rxa1 Bxa1 19. g4 Rd6 20. Qb1 Ne5 21. Nxe5 Bxe5 22. Qxb7 a5 {0-1 (60)
Gharibyan,M (2460)-Kantor,G (2527) Tornelo INT 2021} )17. Rxa1 $16 Bxa1 18. g4 Rae8 19. h4 Re7 20. g5 hxg5 21. Nxg5 {[%emt 0:11:31] [#] White wants to mate with Qf5.} ({Don't take} 21. hxg5 Ne5 $14 )Bf6 22. Qf5 Bxg5 23. hxg5 Re5 {[%emt 0:0:0] [#]} 24. Qf4 Rc5 $2 {[%emt 0:2:1] Loses the game.} (24... Re7 $16 )25. g6 $1 $18 Ne5 26. gxf7+ Nxf7 27. Be6 {[%emt 0:4:39]
Threatens to win with Qd6.} Rh5 $2 (27... Rc6 {keeps fighting.
} )28. Qc7 g5 29. Qxb7 Rh6 (29... a5 $142 30. Qb5 Kg7 31. Qb2+ Kg8 )30. Bb3 {[%emt 0:0:0] White is clearly winning.} g4 31. Qxa7 Kg7 32. e4 Rh5 33. Qc7 Kf6 34. a4 {[%emt 0:0:23] Weighted Error
Value: White=0.08 (flawless) /Black=0.39} 1-0

[Event "10th Norway Chess 2022"]
[White "So,Wesley"]
[Black "Anand,Viswanathan"]
[Site "Stavanger"]
[Round "4.1"]
[Annotator "TA"]
[Result "1/2-1/2"]
[Date "2022.06.03"]
[WhiteElo "2766"]
[BlackElo "2751"]
[PlyCount "56"]
[TimeControl "60"]

1. c4 c5 2. Nc3 g6 3. g3 Bg7 4. Bg2 Nc6 5. Nf3 e6 6. d4 Nxd4 7. Nxd4 cxd4 8. Ne4 $1 {[%emt 0:0:7] The
main line 8.Ne4 scores better than 8.Nb5.} d5 {[%emt 0:15:44] 8...Ne7 is not
played anymore. A37: Symmetrical English vs ...g6: 4 Bg2 Bg7 5 Nf3.} 9. Qa4+ Kf8 $1 10. Qa3+ Qe7 {[%emt 0:0:0] [#] ...Qxa3 is the strong threat. The position is equal.} 11. Nd6 Be5 12. c5 Kg7 13. O-O Nh6 14. e4 dxe4 15. Nxe4 f6 $36 {[%emt 0:5:2] 
[#] Prevents Bg5. Black has some pressure.} 16. f4 $146 ({
Predecessor:} 16. b4 Rd8 17. b5 Nf5 18. Rb1 h5 19. Bd2 Bd7 20. Qd3 Rac8 21. Bb4 Qf7 22. a4 {1-0 (31) Mondry,M (2247)-Rashitov,D (2328) ICCF email 2018} )Bc7 17. Nd6 Rd8 18. Nb5 ({Much weaker is} 18. Bxb7 {[#]} Bxd6 $1 19. Bxa8 Bxc5 $17 )Qd7 19. Nxc7 Qxc7 20. Bd2 a5 21. c6 {[%emt 0:0:14] Against Bd7} (21. b4 $11 )bxc6 $15 22. Rac1 Ra6 23. Rc5 a4 24. Rfc1 Bb7 25. Bf1 (25. Re1 $15 )Raa8 $17 26. Bg2 Ra6 (26... Qf7 $17 )27. Bf1 $1 $15 Raa8 28. Bg2 Ra6 {[%emt 0:0:43] Weighted Error Value: White=0.09 (flawless) /Black=0.08 
(flawless)} ({Black should play} 28... d3 $17 29. R1c4 Qd6 30. Bxc6 Bxc6 31. Rxc6 Qxa3 32. bxa3 Kg8 )1/2-1/2

[Event "10th Norway Chess 2022"]
[White "Radjabov,Teimour"]
[Black "Vachier-Lagrave,Maxime"]
[Site "Stavanger"]
[Round "4.1"]
[Annotator "TA"]
[Result "1/2-1/2"]
[Date "2022.06.03"]
[WhiteElo "2753"]
[BlackElo "2750"]
[PlyCount "60"]
[TimeControl "60"]

1. d4 Nf6 2. c4 g6 3. Nc3 d5 4. cxd5 Nxd5 5. e4 Nxc3 6. bxc3 Bg7 7. Nf3 c5 8. Bb5+ Nc6 9. O-O O-O 10. Bxc6 $1 {[%emt 0:0:20]
is currently scoring better than 10.Be3.} bxc6 {[%emt 0:0:4] The position is
equal.} 11. Qc2 {[%emt 0:0:9] D85: Exchange Grünfeld: Unusual White 7th
moves and lines with 7 Nf3.} cxd4 12. cxd4 Bg4 13. Ne5 Qxd4 14. Bb2 Qb6 15. Rab1 Bxe5 16. Bxe5 Qa5 17. Bc3 Qc5 18. Qb2 a5 19. Bd4 Qd6 20. Qc3 {[%emt 0:6:43] [#]} Rfd8 $146 ({Predecessor:} 20... Be2 21. Rfe1 Bb5 22. a4 Bxa4 23. Bh8 f6 24. e5 Qd8 25. exf6 exf6 {
1-0 (64) Bluebaum,M (2642)-Ivic,V (2610) Terme Catez 2022} )21. Bb6 Qd3 22. Qe5 Re8 23. f3 ({But not} 23. Bd4 f6 24. Qf4 Be6 $17 )f6 24. Qc5 Be6 25. a3 a4 26. Rfd1 Qe2 27. Qxc6 Kf7 28. Re1 Qc4 29. Qxc4 Bxc4 30. Rbc1 Rec8 {[%emt 0:1:8] An even fight not without its subleties. 
Weighted Error Value: White=0.01 (flawless) /Black=0.02 (flawless)} 1/2-1/2

[Event "10th Norway Chess 2022"]
[White "Wang,Hao"]
[Black "Mamedyarov,Shakhriyar"]
[Site "Stavanger"]
[Round "4.1"]
[Annotator "TA"]
[Result "0-1"]
[Date "2022.06.03"]
[WhiteElo "2744"]
[BlackElo "2770"]
[PlyCount "108"]
[TimeControl "60"]

1. e4 e5 2. Nf3 Nc6 3. Bb5 a6 4. Ba4 Nf6 5. O-O Nxe4 6. d4 b5 7. Bb3 d5 8. dxe5 Be6 9. c3 Be7 {[%emt 0:0:0] [#]} 10. Bc2 $146 ({Predecessor:} 10. Nbd2 Nc5 11. Bc2 Bg4 12. Re1 Qd7 13. Nf1 Rd8 14. Ne3 Bh5 15. b4 Ne6 16. g4 Bg6 17. Nf5 h5 18. h3 hxg4 19. hxg4 Na7 20. Be3 Nc8 21. a4 Qc6 22. Bd4 Nb6 23. axb5 axb5 24. Ra6 Rh3 25. Re3 {1-0 (42) Gara,A (2344)-Fordan,T (2286) Budapest 2001} )Bg4 {[%emt 0:0:32]
 C83: Open Ruy Lopez: 9 c3 Be7.} 11. Bb3 Nc5 12. Bxd5 Nxe5 {[%emt 0:0:15] The position is
equal.} 13. Bf4 (13. Bxa8 Qxa8 14. Nbd2 O-O $16 )(13. Qd4 $11 Bxf3 14. Bxa8 (14. gxf3 c6 $11 )Bxa8 15. Qxe5 )c6 14. Bxe5 Qxd5 15. Qxd5 (15. Bxg7 $2 Qxd1 16. Rxd1 Bxf3 $19 )cxd5 16. Nbd2 f6 17. Bd4 Nd3 18. b4 Nb2 19. h3 Bd7 20. Nb3 Na4 21. Ne1 Bf5 22. g4 Bg6 23. Ng2 Kf7 24. Rfe1 Rac8 25. Nf4 Be4 26. Nd2 Bd6 27. Nxe4 Bxf4 28. Nc5 Bd2 $1 29. Nxa4 (29. Red1 $17 {was necessary.} Bxc3 30. Bxc3 Nxc3 31. Rd2 )Bxe1 $19 (29... bxa4 30. Red1 Bxc3 31. Bxc3 Rxc3 32. Rxd5 $17 )30. Nc5 Bd2 31. a4 Ra8 $1 32. Nd7 Rhd8 33. Nb6 Rab8 {[%emt 0:0:3][%cal Yd2c3]
Strongly threatening ...Bxc3!} 34. axb5 {[%emt 0:0:6] [#]} Bxc3 $1 35. Bxc3 $17 Rxb6 36. bxa6 $19 {[%emt 0:0:7] Endgame KRR-KRB} Ra8 $1 37. Ra5 (37. a7 $17 )Rbxa6 38. Rxd5 Ra3 39. Rc5 Rd8 40. Kg2 {[%emt 0:0:11] [#]} (40. Rc7+ $142 Kg6 41. h4 )Rd3 $1 41. Bb2 Rab3 (41... Rxh3 42. Bxa3 Rxa3 43. Rc7+ Kg6 44. f4 $11 )42. Bc1 Rxh3 ({Not} 42... Rxb4 $2 43. Be3 $19 )43. Be3 {[%emt 0:0:0] And now Rc7+ would win.} Rh4 44. Kg3 Rh1 45. Kg2 Re1 46. b5 Kg6 47. Rd5 Rb4 48. g5 (48. Kf3 $17 {might work better.} )f5 49. b6 {[%emt 0:0:4] [#]} (49. Rd6+ $142 Kh5 50. Rd5 (50. Bd2 $2 Rg4+ 51. Kf3 Rb1 $19 ))Reb1 (49... Rxe3 $142 $1 {} 50. fxe3 Rxb6 )50. Rd7 (50. Rd6+ $142 Kh5 51. Rd7 )f4 51. Bd4 (51. Bd2 {keeps fighting.} )Kf5 ({Avoid the trap} 51... Kxg5 $2 52. Rxg7+ Kf5 53. Bc5 $19 )52. Bxg7 Rxb6 53. Bh6 $2 (53. Bd4 Rg6 54. Rf7+ Ke4 55. Bf6 )Kg4 {[%emt 0:0:36] White must now prevent
...R1b2.} 54. Rf7 R1b3 {[%emt 0:1:45] Weighted Error Value:
White=0.43/Black=0.14 (very precise)} 0-1

[Event "10th Norway Chess 2022"]
[White "Topalov,Veselin"]
[Black "Tari,Aryan"]
[Site "Stavanger"]
[Round "4.1"]
[Annotator "TA"]
[Result "1/2-1/2"]
[Date "2022.06.03"]
[WhiteElo "2730"]
[BlackElo "2654"]
[PlyCount "101"]
[TimeControl "60"]

1. e4 e5 2. Nf3 Nc6 3. Bc4 Nf6 4. d3 Bc5 5. Nc3 h6 6. h3 a6 {[%emt 0:2:24] C50: Hungarian Defence and
Giuoco Pianissimo.} 7. a4 {[%emt 0:1:44] seems to push 7.a3 aside.} d6 8. Be3 Bb4 9. O-O Bxc3 10. bxc3 {[%emt 0:0:6]
 [#]} O-O $146 ({Predecessor:} 10... Na5 11. Ba2 Bd7 12. Nh4 g5 13. Nf5 Bxf5 14. exf5 Qd7 15. Qf3 d5 16. Rfb1 O-O-O {1-0 (46)
Balasubramanian,A (1889)-Dehmelt,K (2285) ICC INT 2010} )11. a5 d5 12. exd5 Nxd5 13. Bd2 Bf5 14. Re1 Re8 {[%emt 0:0:0] [#]} 15. Qb1 (15. Nd4 $1 $14 {was preferrable.} Nde7 (15... Nxd4 16. cxd4 )16. Nxf5 Nxf5 17. Qg4 (17. Qh5 Qd7 $14 ))Qd6 $1 $11 16. Qb3 ({Not} 16. Qxb7 $2 Reb8 17. Bxa6 Bc8 18. Qxa8 Rxa8 $19 )Rad8 17. d4 ({
Avoid the trap} 17. Qxb7 $2 Rb8 18. Qxa6 Bc8 $19 )Bc8 (17... e4 $11 )18. Re4 Kh8 19. dxe5 Nxe5 20. Nxe5 Rxe5 21. Rxe5 Qxe5 22. Re1 Qd6 23. Bd3 c6 24. c4 Nf4 25. Bxf4 Qxf4 26. Qb6 {[%emt 0:0:5][%cal Rb6d8] [#]} Qd6 27. Re3 Qd7 28. Qc5 Re8 {[%emt 0:2:23]
Inhibits Re7.} 29. f4 Qd8 30. Kf2 Kg8 31. Rxe8+ Qxe8 {[%emt 0:0:5]
 Endgame KQB-KQB} 32. Qd6 g6 {[%emt 0:1:30]
Inhibits f5.} 33. Qf6 {[%emt 0:0:25] White is more active.} (33. g4 $14 )Qf8 34. Qe5 Qd8 35. Ke3 f6 36. Qd4 Qe7+ 37. Qe4 Qc5+ 38. Kf3 (38. Ke2 $5 Bf5 39. Qe8+ Qf8 40. Qxf8+ Kxf8 41. Ke3 $11 )Bf5 {[%emt 0:0:42] The position is equal.} 39. Qe8+ Kg7 40. g4 Bxd3 41. Qd7+ Kf8 42. Qc8+ Ke7 43. Qxb7+ Kd6 44. Qb8+ Kd7 45. cxd3 {[%emt 0:0:0] Qg8 is the strong threat. KQ-KQ} Qg1 ({Don't take} 45... Qxa5 46. Qa7+ Qc7 47. Qxa6 $16 )46. Qb2 Qf1+ 47. Ke4 Qe1+ 48. Kd4 {[%emt 0:0:0] And now Qb7+ would win.} Qxa5 49. Qb7+ Kd6 {[%emt 0:0:0] Threatens to win with ...
c5+.} 50. Qb8+ Kd7 51. Qb7+ {[%emt 0:0:0]
Weighted Error Value: White=0.09 (flawless) /Black=0.08 (flawless)} 1/2-1/2